 Dungeon Crawl Stone Soup version 0.31-a0-150-g89dc3ad700 (webtiles) character file.

Game seed: 15344783358724673807

161 qw the Shooter (level 5, -4/46 HPs)
             Began as a Minotaur Hunter on June 8, 2023.
             Succumbed to Sigmund's poison
             ... on level 3 of the Dungeon.
             The game lasted 00:00:43 (1805 turns).

qw the Shooter (Minotaur Hunter)                    Turns: 1805, Time: 00:00:43

Health: -4/46      AC:  6    Str: 16    XL:     5   Next: 18%
Magic:  4/4        EV: 12    Int:  6    God:
Gold:   97         SH:  0    Dex: 15    Spells: 4/4 levels left

rFire   + . .        Y - +0 shortbow
rCold   . . .        (shield currently unavailable)
rNeg    . . .        c - +2 leather armour {rF+}
rPois   .            (helmet restricted)
rElec   .            (no cloak)
rCorr   .            (no gloves)
SInv    .            j - +0 pair of boots
Will    .....        (no amulet)
Stlth   +            (no ring)
HPRegen 0.27/turn    (no ring)
MPRegen 0.09/turn

%: no passive effects
@: lethally poisoned (-4 -> -25)
A: horns 2, retaliatory headbutt
a: no special abilities


You were on level 3 of the Dungeon.
You visited 1 branch of the dungeon, and saw 3 of its levels.

You collected 97 gold pieces.


Innate Abilities, Weirdness & Mutations

You have a pair of horns on your head.
You reflexively headbutt those who attack you in melee.


   Skills:
 - Level 4.0 Fighting
 + Level 6.2 Ranged Weapons
 - Level 1.6 Armour
 - Level 2.1 Dodging
 - Level 0.7 Stealth


You had 4 spell levels left.
You didn't know any spells.
Your spell library was empty.

Inventory:

Hand Weapons
 Y - a +0 shortbow (weapon)
Armour
 c - a +2 leather armour of fire resistance (worn)
 j - a +0 pair of boots (worn)
Scrolls
 a - a scroll of identify
 g - 2 scrolls of teleportation
 i - a scroll of enchant armour {unknown}
 l - a scroll of fear {unknown}
Potions
 b - a potion of lignification {unknown}
 d - a potion of mutation
 e - 2 potions of haste {unknown}
 f - 2 potions of curing {unknown}
 h - a potion of degeneration {unknown}
 k - a potion of invisibility {unknown}

Dungeon Overview and Level Annotations

Branches:
Dungeon (3/15)

Altars:

Annotations:
D:2 1 runed translucent door, Crazy Yiuf
D:3 Sigmund


Message History

Enter note:
Enter note:
Enter note:
Enter note:
Enter note:
Enter note: You shoot an arrow.
The arrow hits Sigmund.
Sigmund shouts!
Sigmund is lightly wounded.
You shoot an arrow. The arrow closely misses Sigmund.
Sigmund casts a spell.
Sigmund flickers and vanishes!
Deactivating autopickup; reactivate with Ctrl-A.
You shoot an arrow. You shoot an arrow. You shoot an arrow. You shoot an arrow.
You hear some strange, mumbled words.
Something tries to affect you, but you resist.
A puff of flame appears from out of thin air!
The puff of flame hits you. You resist.
You shoot an arrow. You shoot an arrow. Something hits you!
You are poisoned.
You shoot an arrow.
You feel very sick.
You shoot an arrow.
You feel very sick.
A magic dart appears from out of thin air!
The magic dart hits you.
A magic dart appears from out of thin air!
The magic dart hits you!
You shoot an arrow.
You feel sick. Something hits you!
You are more poisoned.
You shoot an arrow.
You feel very sick.
You shoot an arrow.
You die...

.# .# .# ######### ##
.<......# #
........######## ###
................ #....
................. #.###
.................. #.#.#
#.........@.{..... ..#.#
..........######## #.#.#
..........# #.#.#
..........# #.#.#
..........# #.#.###
..........######### #.#..=^
........#........)# #<#..#.
........#.........###.#....
........#.............%....


There were no monsters in sight!

Vanquished Creatures
  Jessica (D:3)
  Natasha (twice) (D:2 D:1)
  2 adders
  3 gnolls (D:3)
  5 ball pythons
  2 endoplasms
  2 giant cockroaches (D:1)
  5 goblins
  A hobgoblin (D:1)
  4 quokkas
  5 bats
  2 frilled lizards
  4 kobolds (D:1)
  5 rats
43 creatures vanquished.

Notes
Turn   | Place    | Note
-------+----------+-------------------------------------------
     0 | D:1      | qw the Minotaur Hunter began the quest for the Orb.
     0 | D:1      | Reached XP level 1. HP: 18/18 MP: 0/0
     0 | D:1      | 0 ||| qw: Version: 0.2-a-119-g7aa9181
     0 | D:1      | 0 ||| qw: Game counter: 2759
     0 | D:1      | 0 ||| qw: Always use a shield: true
     0 | D:1      | 0 ||| qw: God list: Okawaru
     0 | D:1      | 0 ||| qw: Allow faded altars: false
     0 | D:1      | 0 ||| qw: Do Orc after D:15 true
     0 | D:1      | 0 ||| qw: Do second Lair branch before Depths: true
     0 | D:1      | 0 ||| qw: Lair rune preference: random
     0 | D:1      | 0 ||| qw: Plans: Normal
     0 | D:1      | 0 ||| PLANNING D:1-11
   240 | D:1      | Reached XP level 2. HP: 25/25 MP: 1/1
   275 | D:1      | Reached skill level 5 in Ranged Weapons
   551 | D:1      | 551 ||| UPGRADING to +0 ring mail.
   561 | D:1      | 561 ||| DROPPING +0 leather armour.
   562 | D:1      | 562 ||| UPGRADING to +0 pair of boots.
   567 | D:1      | 567 ||| DROPPING ring of wizardry.
   568 | D:1      | 568 ||| READING 3 scrolls labelled KYMEET QOTOLEZOC.
   569 | D:1      | 569 ||| READING 2 scrolls labelled DYAL EDEYS.
   573 | D:1      | 573 ||| READING 2 scrolls of identify.
   573 | D:1      | 573 ||| IDENTIFYING fuming sapphire potion
   574 | D:1      | 574 ||| DROPPING scroll of butterflies.
   614 | D:2      | Reached skill level 1 in Armour
   614 | D:2      | Reached XP level 3. HP: 27/30 MP: 2/2
   653 | D:2      | Noticed Natasha
   660 | D:2      | Killed Natasha
   661 | D:2      | Reached skill level 3 in Fighting
   727 | D:2      | You fall into a shaft and drop 1 floor!
   738 | D:3      | Found a faded altar of an unknown god.
   754 | D:3      | 754 ||| FLEEEEING.
   755 | D:3      | 755 ||| FLEEEEING.
   756 | D:3      | 756 ||| STAIRDANCE
   832 | D:2      | Found a runed translucent door.
   833 | D:2      | Noticed Crazy Yiuf
  1084 | D:2      | Noticed Natasha
  1085 | D:2      | 1085 ||| STAIRDANCE
  1187 | D:1      | 1187 ||| UPGRADING to +2 leather armour of fire resistance.
  1197 | D:1      | 1197 ||| DROPPING +0 ring mail.
  1198 | D:1      | 1198 ||| READING scroll labelled DIMNADUSIVVO.
  1204 | D:2      | 1204 ||| STAIRDANCE
  1210 | D:1      | Killed Natasha
  1211 | D:1      | Reached XP level 4. HP: 33/40 MP: 3/3
  1565 | D:3      | Noticed Jessica
  1575 | D:3      | Killed Jessica
  1666 | D:3      | Reached skill level 6 in Ranged Weapons
  1697 | D:3      | Reached XP level 5. HP: 46/46 MP: 4/4
  1792 | D:3      | Noticed Sigmund
  1803 | D:3      | HP: 6/46 [something (8)]
  1804 | D:3      | HP: 1/46 [poisoned by Sigmund]
  1805 | D:3      | Succumbed to Sigmund's poison

Levels and vault maps discovered:
D:1:      dpeg_arrival_simpleton_b, layout_basic, nrook_campfire,
          minmay_liquid_box
D:2:      layout_loops_ring, kennysheep_generic_room_9, uniq_natasha,
          uniq_crazy_yiuf_cottage
D:3:      layout_basic, nzn_wu_jian_council_hall, ebering_ecumenical_altar_webs,
          uniq_sigmund, uniq_jessica

Skill      XL: |  1  2  3  4 |
---------------+-------------+-----
Ranged Weapons | 5 6 |  6.2
Armour         | 1 |  1.6
Fighting       | 3 4 |  4.0
Dodging        | |  2.1
Stealth        | |  0.7

Action                     |  1- 3 |  4- 6 || total
---------------------------+-------+-------++-------
   Fire: Shortbow          |    79 |    62 ||   141
    Use: Scroll            |     4 |       ||     4
 Armour: Leather armour    |     1 |       ||     1
         Ring mail         |     7 |       ||     7
  Dodge: Dodged            |    24 |     6 ||    30

Table legend:
 A = Non-vault XP
 B = Vault XP
 C = Vault XP percentage of total XP
 D = Non-vault monster count
 E = Vault monster count
 F = Vault count percentage of total count
                 A         B        C        D         E       F
            +---------+---------+-------+---------+---------+-------
      Total |     157 |      73 |  31.7 |      40 |       3 |   7.0
            +---------+---------+-------+---------+---------+-------
        D:1 |      62 |       0 |   0.0 |      18 |       0 |   0.0
        D:2 |      27 |      36 |  57.1 |      10 |       2 |  16.7
        D:3 |      68 |      37 |  35.2 |      12 |       1 |   7.7
            +---------+---------+-------+---------+---------+-------
